 Dungeon Sprint DCSS version 0.20.1-1-g8b1a95d66d (console) character file.

1012 KoningWillie the Cleaver (level 8, -3/79 HPs)
             Began as a Minotaur Fighter on Dec 3, 2017.
             Was a Priest of the Shining One.
             Slain by a ten-headed hydra (5 damage)
             ... in the Dungeon (Sprint IX: "|||||||||||||||||||||||||||||").
             The game lasted 00:04:31 (553 turns).

KoningWillie the Cleaver (Minotaur Fighter)          Turns: 553, Time: 00:04:32

Health: -3/79      AC: 11    Str: 26    XL:     8   Next: 1%
Magic:  7/7        EV: 11    Int:  5    God:    the Shining One [***...]
Gold:   0          SH: 12    Dex: 10    Spells: 7/7 levels left

rFire    . . .     SeeInvis .   s - +3 war axe (chop)
rCold    . . .     Gourm    .   c - +0 shield
rNeg     + . .     Faith    .   p - +1 scale mail
rPois    .         Spirit   .   (helmet restricted)
rElec    .         Reflect  .   (no cloak)
rCorr    .         Harm     .   (no gloves)
MR       .....     NoTele   +   (no boots)
Stlth    ..........             (no amulet)
Regen    0.3/turn               q - +3 ring of strength
MPRegen  0.1/turn               r - +2 ring of protection

@: very slightly contaminated, glowing
A: retaliatory headbutt, horns 2
a: Divine Shield, Renounce Religion


You were in the Dungeon.
You worshipped the Shining One.
The Shining One was most pleased with you.
You were not hungry.

You visited 1 branch

Inventory:

Hand Weapons
 s - a +3 war axe of chopping (weapon)
Armour
 c - a +0 shield (worn)
 p - a +1 scale mail (worn)
Jewellery
 q - a +3 ring of strength (left hand)
 r - a +2 ring of protection (right hand)
Wands
 n - a wand of iceblast (3/15)
Scrolls
 m - 3 scrolls of remove curse
Potions
 d - a potion of might
 e - 5 potions of curing
 g - a potion of heal wounds
 h - a potion of haste
 i - 4 potions of magic
 j - a potion of berserk rage
 l - a potion of invisibility
Comestibles
 f - a bread ration


   Skills:
 + Level 9.9 Fighting
 + Level 12.7 Axes
 + Level 9.8 Armour
 + Level 4.8 Dodging
 + Level 9.5 Shields
 + Level 0.8 Evocations


You had 7 spell levels left.
You didn't know any spells.

Dungeon Overview and Level Annotations

Branches:
Dungeon (1/1)

Altars:
Cheibriados
Dithmenos
Elyvilon
Fedhas
Gozag
Hepliaklqana
Kikubaaqudgha
Makhleb
Nemelex Xobeh
Okawaru
Qazlal
Ru
Sif Muna
Trog
Uskayaw
Vehumet
Xom
Yredelemnul
Zin
The Shining One
Beogh
Jiyva
Lugonu


Innate Abilities, Weirdness & Mutations

You reflexively headbutt those who attack you in melee.
You have a pair of horns on your head.


Message History

* * * LOW HITPOINT WARNING * * *
The eight-headed hydra barely misses you.
You block the eight-headed hydra's attack. x2
You chop one of the eight-headed hydra's heads off!
The seven-headed hydra grows two more!
You slash the nine-headed hydra!
The nine-headed hydra is moderately wounded.
Unknown command.
You chop one of the nine-headed hydra's heads off!
The eight-headed hydra grows two more!
You hit the ten-headed hydra. You headbutt the ten-headed hydra.
The ten-headed hydra is moderately wounded.
You block the ten-headed hydra's attack.
The ten-headed hydra bites you!
* * * LOW HITPOINT WARNING * * *
The ten-headed hydra barely misses you. The ten-headed hydra bites you!
* * * LOW HITPOINT WARNING * * *
The ten-headed hydra bites you but does no damage.
The ten-headed hydra bites you.
* * * LOW HITPOINT WARNING * * *
The ten-headed hydra bites you.
You die...

▓_▓
▓_▓
▓_▓
▓_▓
▓.▓
▓_▓
▓_▓
▓_▓
▓_▓
▓'▓
▓@▓
▓D▓
▓W▓
▓l▓
▓[▓
▓.▓
▓.▓
▓.▓
▓.▓
▓†▓
▓.▓


You could see a ten-headed hydra, a komodo dragon and a hungry ghost.

Vanquished Creatures
  A deep elf mage (D)
  A hornet (D)
  A phantom (D)
  An ogre (D)
  A big kobold (D)
  A scorpion (D)
  A crimson imp (D)
  An orc wizard (D)
  2 worker ants (D)
  2 leopard geckos (D)
  An orc (D)
  A bat (D)
  2 goblins (D)
  A jackal (D)
  A kobold (D)
  A quokka zombie (D)
19 creatures vanquished.

Notes
Turn   | Place    | Note
-------+----------+-------------------------------------------
     0 | D        | KoningWillie the Minotaur Fighter began the quest for the Orb.
     0 | D        | Reached XP level 1. HP: 19/19 MP: 0/0
    33 | D        | Noticed an orc wizard
    38 | D        | Reached XP level 2. HP: 27/28 MP: 1/1
    44 | D        | Reached skill level 3 in Axes
    57 | D        | Reached skill level 5 in Fighting
    57 | D        | Reached skill level 4 in Axes
    57 | D        | Reached skill level 5 in Armour
    57 | D        | Reached skill level 5 in Shields
    57 | D        | Reached XP level 3. HP: 6/36 MP: 2/2
   311 | D        | Found a roughly hewn altar of Beogh.
   311 | D        | Found a snail-covered altar of Cheibriados.
   311 | D        | Found a shadowy altar of Dithmenos.
   311 | D        | Found a white marble altar of Elyvilon.
   311 | D        | Found a blossoming altar of Fedhas.
   311 | D        | Found an opulent altar of Gozag.
   312 | D        | Found a hazy altar of Hepliaklqana.
   313 | D        | Found a viscous altar of Jiyva.
   314 | D        | Found an ancient bone altar of Kikubaaqudgha.
   315 | D        | Found a corrupted altar of Lugonu.
   316 | D        | Found a burning altar of Makhleb.
   317 | D        | Found a sparkling altar of Nemelex Xobeh.
   318 | D        | Found an iron altar of Okawaru.
   319 | D        | Found a stormy altar of Qazlal.
   320 | D        | Found a sacrificial altar of Ru.
   321 | D        | Found a deep blue altar of Sif Muna.
   322 | D        | Found a bloodstained altar of Trog.
   323 | D        | Found a hide-covered altar of Uskayaw.
   324 | D        | Found a radiant altar of Vehumet.
   326 | D        | Found a shimmering altar of Xom.
   327 | D        | Found a basalt altar of Yredelemnul.
   328 | D        | Found a glowing silver altar of Zin.
   329 | D        | Found a glowing golden altar of the Shining One.
   337 | D        | Became a worshipper of the Shining One
   395 | D        | Noticed a phantom
   395 | D        | Noticed a big kobold
   395 | D        | Reached * piety under the Shining One
   395 | D        | Noticed a scorpion
   395 | D        | Noticed a hornet
   403 | D        | Reached skill level 5 in Axes
   405 | D        | Killed a big kobold
   405 | D        | Reached skill level 6 in Axes
   405 | D        | Reached skill level 1 in Dodging
   405 | D        | Reached XP level 4. HP: 32/45 MP: 3/3
   408 | D        | Reached skill level 7 in Axes
   408 | D        | Reached XP level 5. HP: 37/52 MP: 4/4
   410 | D        | Reached skill level 8 in Axes
   414 | D        | Killed a hornet
   414 | D        | Reached skill level 10 in Axes
   414 | D        | Reached XP level 6. HP: 47/62 MP: 5/5
   422 | D        | Reached ** piety under the Shining One
   525 | D        | Noticed a hungry ghost
   525 | D        | Noticed a deep elf mage
   525 | D        | Reached *** piety under the Shining One
   525 | D        | Noticed a five-headed hydra
   525 | D        | Noticed a komodo dragon
   529 | D        | Reached XP level 7. HP: 70/70 MP: 6/6
   536 | D        | Reached skill level 11 in Axes
   547 | D        | Killed a deep elf mage
   547 | D        | Reached skill level 12 in Axes
   547 | D        | Reached XP level 8. HP: 43/79 MP: 7/7
   553 | D        | HP: 2/79 [ten-headed hydra (3)]
   553 | D        | Slain by a ten-headed hydra

Skill      XL: |  1  2  3  4  5  6  7 |
---------------+----------------------+-----
Armour         | 4 5 6 7 8 9 |  9.8
Fighting       | 4 5 6 7 8 9 |  9.9
Shields        | 4 5 6 7 8 9 |  9.5
Axes           | 4 6 7 10 12 | 12.7
Dodging        | 1 2 3 4 |  4.8
Evocations     | |  0.8

Action                   |  1- 3 |  4- 6 |  7- 9 || total
-------------------------+-------+-------+-------++-------
Melee: War axe           |    47 |     9 |    10 ||    66
       Headbutt          |     4 |     3 |     3 ||    10
Evoke: Wand              |       |     1 |     3 ||     4
  Use: Potion            |       |     1 |     1 ||     2
       Scroll            |       |     1 |     1 ||     2
Armor: Scale mail        |    17 |     2 |     4 ||    23
Dodge: Dodged            |    11 |     3 |    10 ||    24
Block: Shield            |    19 |     4 |     8 ||    31
